 Dungeon Crawl Stone Soup version 0.28.0-43-g3370ac3207 (webtiles) character file.

Game seed: 17924495349753187430

69 Saba the Bolt Thrower (level 4, 0/27 HPs)
             Began as a Gargoyle Hunter on Apr 2, 2022.
             Killed by divine providence
             ... invoked by an orc priest
              (13 damage)
             ... on level 2 of the Dungeon.
             The game lasted 00:02:15 (1364 turns).

Saba the Bolt Thrower (Gargoyle Hunter)             Turns: 1364, Time: 00:02:15

Health: 0/27       AC: 10    Str: 16    XL:     4   Next: 20%
Magic:  0/4        EV: 10    Int: 13    God:
Gold:   40         SH:  3    Dex: 10    Spells: 3/3 levels left

rFire   . . .      SeeInvis .   e - +2 dagger (vamp)
rCold   . . .      Faith    .   c - +0 buckler
rNeg    + . .      Spirit   +   f - +0 ring mail
rPois   ∞          Reflect  .   (no helmet)
rElec   +          Harm     .   k - +0 cloak
rCorr   .          Rampage  .   (no gloves)
Will    .....                   (no boots)
Stlth   +.........              i - amulet of guardian spirit
HPRegen 0.09/turn               (no ring)
MPRegen 0.09/turn               (no ring)

@: no status effects
A: sickness immunity, AC +3, negative energy resistance 1, electricity
resistance, torment resistance 1, petrification resistance
a: no special abilities


You were on level 2 of the Dungeon.
You visited 1 branch of the dungeon, and saw 2 of its levels.

You collected 40 gold pieces.

Inventory:

Hand Weapons
 a - a +1 hand crossbow
 e - a +2 vampiric dagger (weapon)
Missiles
 d - 20 bolts
Armour
 c - a +0 buckler (worn)
 f - a +0 ring mail (worn)
 k - a +0 cloak (worn)
Jewellery
 i - an amulet of guardian spirit (around neck)
Scrolls
 b - 2 scrolls of fog {unknown}
 h - 2 scrolls of identify {unknown}
 j - a scroll of teleportation {unknown}
 n - a scroll of brand weapon {unknown}
Potions
 g - a potion of resistance {unknown}
 l - a potion of attraction {unknown}
 m - 2 potions of might {unknown}


   Skills:
 + Level 2.9 Fighting
 + Level 4.3 Crossbows
 + Level 1.5 Armour
 + Level 2.1 Dodging
 - Level 1.1 Stealth
 + Level 1.5 Shields


You had 3 spell levels left.
You didn't know any spells.
Your spell library contained the following spells:

 Spells                   Type           Power      Damage    Failure   Level
 Shock                    Conj/Air       0%         1d3       61%         1
 Gell's Gravitas          Tloc           0%         N/A       93%         3
 Swiftness                Air            0%         N/A       93%         3
 Teleport Other           Tloc           0%         N/A       93%         3
 Airstrike                Air            0%         N/A       100%        4
 Dispersal                Tloc           0%         N/A       100%        6


Dungeon Overview and Level Annotations

Branches:
Dungeon (2/15)

Altars:


Innate Abilities, Weirdness & Mutations

You are immune to sickness and miasma.
Your stone body is resilient. (AC +3)
You are immune to poison.
You resist negative energy. (rN+)
You are resistant to electric shocks. (rElec)
You are resistant to unholy torment.
You are immune to petrification.


Message History

You hit the goblin.
You kill the goblin!
No target in view!
No target in view!
No target in view!
You see here a +0 club.
The orc shouts!
You hear a shout! x2
An orc is nearby!
There are monsters nearby!
The orc priest shouts!
The orc hits you with a +0 dagger.
You barely miss the orc. The orc hits you but does no damage.
You closely miss the orc.
The orc wizard shouts!
The orc hits you but does no damage. x2
The orc priest looks satisfied for a moment.
The orc hits you but does no damage.
You barely miss the orc. The orc barely misses you.
The orc wizard casts a spell.
The orc wizard flickers and vanishes!
Deactivating autopickup; reactivate with Ctrl-A.
You block the orc's attack.
You hit the orc but do no damage. You block the orc's attack.
The orc hits you but does no damage. The orc hits you but does no damage.
The orc throws a boomerang.
The boomerang barely misses you.
You hit the orc but do no damage. The orc hits you but does no damage.
You hit the orc but do no damage. The orc hits you but does no damage.
You hit the orc.
The orc is severely wounded.
The orc closely misses you.
The orc priest calls down the wrath of Beogh upon you.
Beogh smites you!
Ouch! That really hurt!
You hit the orc.
You kill the orc!
The orc throws a boomerang.
The boomerang barely misses you.
The orc priest calls down the wrath of Beogh upon you.
Beogh smites you!
You die...

#....## #.# # ... #.#.#
##.#....### #.# #.#.#
#.##...)..###.# #.##
###....#.#..##.# ..o #...
##.....##†##..#.# ...
#### #..#.#..###.....#
###.. #.##.##..##..##.##
#.o.o #..###..###..##..#
#.#o# #...#..##.##.###@#
#.#.# #..###..#.#..# #)#
#.#.#####. #.##
##.....####o###.........
#..
#..........oo.oo..###.#≈
##.....####.####.##.....#
##### #.# #........#
#.#######.....#
#.......)....##
##############


You could see 2 orc priests and an orc.

Vanquished Creatures
  2 adders (D:2)
  4 dart slugs (D:1)
  An orc (D:2)
  2 ball pythons (D:1)
  4 bats
  4 endoplasms
  3 giant cockroaches (D:1)
  3 hobgoblins (D:1)
  3 jackals (D:1)
  5 kobolds
  2 quokkas (D:1)
  4 goblins
  2 rats (D:1)
39 creatures vanquished.

Notes
Turn   | Place    | Note
-------+----------+-------------------------------------------
     0 | D:1      | Saba the Gargoyle Hunter began the quest for the Orb.
     0 | D:1      | Reached XP level 1. HP: 12/12 MP: 1/1
   213 | D:1      | Reached XP level 2. HP: 17/18 MP: 2/2
   299 | D:1      | Reached skill level 1 in Armour
   357 | D:1      | Reached skill level 1 in Shields
   357 | D:1      | Reached XP level 3. HP: 21/22 MP: 3/3
  1228 | D:2      | Reached XP level 4. HP: 26/27 MP: 4/4
  1364 | D:2      | Killed from afar by an orc priest

Illustrated notes

Levels and vault maps discovered:
D:1:      lightli_arrival_isolated_outpost, layout_basic, minivault_26
D:2:      cheibrodos_pilgrimage, layout_loops_ring, serial_shops,
          nicolae_shop_hallway_plus, minmay_between

Skill      XL: |  1  2  3 |
---------------+----------+-----
Armour         | 1 |  1.5
Shields        | 1 |  1.5
Dodging        | 2 |  2.1
Fighting       | |  2.9
Crossbows      | |  4.3
Stealth        | |  1.1

Action                   |  1- 3 |  4- 6 || total
-------------------------+-------+-------++-------
Melee: Dagger            |   171 |    18 ||   189
       Short sword       |     4 |       ||     4
 Stab: Sleeping          |       |     1 ||     1
Armor: Ring mail         |    80 |    13 ||    93
       Leather armour    |     3 |       ||     3
Dodge: Dodged            |    92 |    10 ||   102
Block: Buckler           |    27 |     6 ||    33
